 Dungeon Crawl Stone Soup version 0.25-a0-731-g0472a16d6a (webtiles) character file.

Game seed: 14606481284687992912, levelgen mode: deterministic

80 Amnesiac the Chiller (level 4, -4/30 HPs)
             Began as a Merfolk Ice Elementalist on Apr 8, 2020.
             Killed by nerve-wracking pain
             ... invoked by Menkaure
              (11 damage)
             ... on level 4 of the Dungeon.
             The game lasted 00:02:43 (1359 turns).

Amnesiac the Chiller (Merfolk Ice Elementalist)     Turns: 1359, Time: 00:02:43

Health: -4/30      AC:  3    Str:  8    XL:     4   Next: 39%
Magic:  6/8        EV: 13    Int: 15    God:
Gold:   54         SH:  0    Dex: 14    Spells: 4/8 levels left

rFire    . . .     SeeInvis .   a - +0 hunting sling
rCold    . . .     Gourm    .   (no shield)
rNeg     . . .     Faith    .   h - +0 robe
rPois    .         Spirit   .   (no helmet)
rElec    .         Reflect  .   (no cloak)
rCorr    .         Harm     .   d - +0 pair of gloves
MR       .....                  (no boots)
Stlth    ++........             (no amulet)
HPRegen  0.10/turn              (no ring)
MPRegen  0.11/turn              (no ring)

@: no status effects
A: change form in water, swift swim, stealthy swim
a: no special abilities


You were on level 4 of the Dungeon.
You were not hungry.

You visited 1 branch of the dungeon, and saw 4 of its levels.

You collected 54 gold pieces.

Inventory:

Hand Weapons
 a - a +0 hunting sling (weapon)
 n - a +0 mace of pain
Missiles
 i - 31 stones (quivered)
Armour
 d - a +0 pair of gloves (worn)
 h - a +0 robe (worn)
 m - a +0 buckler
Scrolls
 f - a scroll of blinking {!r, unknown}
 g - a scroll of enchant weapon {!r, unknown}
 j - a scroll of immolation {!r, unknown}
 k - 2 scrolls of teleportation {!r, unknown}
Potions
 e - a potion of brilliance {!q, unknown}
 l - a potion of invisibility {!q, unknown}
 o - a potion of flight {!q, unknown}
Comestibles
 c - 3 rations


   Skills:
 - Level 2.6 Dodging
 - Level 2.1 Stealth
 + Level 0.9 Shields
 + Level 2.7 Spellcasting
 * Level 5.6 Ice Magic


You had 4 spell levels left.
You knew the following spells:

 Your Spells              Type           Power        Failure   Level  Hunger
a - Freeze                Ice            ###.         1%          1    #......
b - Frozen Ramparts       Ice            ###...       6%          3    ###....

Your spell library contained the following spells:

 Spells                   Type           Power        Failure   Level  Hunger
 Ozocubu's Armour         Chrm/Ice       ##......     19%         3    ###....
 Hailstorm                Conj/Ice       ##......     54%         4    #####..
 Summon Ice Beast         Ice/Summ       ##......     54%         4    #####..


Dungeon Overview and Level Annotations

Branches:
Dungeon (4/15)
 Temple: D:4-7

Altars:
Wu Jian

Annotations:
D:4 1 transporter, Menkaure


Message History

i - 3 stones (gained 1)
i - 4 stones (gained 1)
i - 5 stones (gained 1) Magic restored.
i - 31 stones (gained 26)
You open the door.
A howler monkey comes into view.
Casting: Frozen Ramparts (safe; 7% risk of failure)
Confirm with . or Enter, or press ? or * to list all spells.
The walls around you are covered in ice.
The howler monkey howls!
The wall freezes the howler monkey.
The howler monkey hoots and howls with incredible vigour!
You hear a shout!
Firing (i - inventory)
i - 31 stones (quivered)
Press: ? - help, Shift-Dir - straight line, f - howler monkey
Aim: a howler monkey (moderately wounded, catching its breath)
You shoot a stone. The stone hits the howler monkey.
The howler monkey is heavily wounded.
The wall freezes the howler monkey. x2; The howler monkey barely misses you.
Firing (i - inventory)
i - 30 stones (quivered)
Press: ? - help, Shift-Dir - straight line, f/p - howler monkey
Aim: a howler monkey (severely wounded)
You shoot a stone. The stone hits the howler monkey.
The howler monkey is almost dead.
The wall freezes the howler monkey.
You kill the howler monkey!
You have reached level 4!
i - 30 stones (gained 1)
There is an open door here.
i - 31 stones (gained 1)
The frozen ramparts melt away.
You open the door.
Found a ring mail.
There is an open door here.
Found a transporter.
Found 23 bolts.
Found a stone staircase leading up.
Menkaure, Prince of Dust comes into view.
Menkaure moves out of view.
There is a stone staircase leading up here.
You climb upwards.
There is a stone staircase leading down here.
You climb downwards.
Level annotation: 1 transporter, Menkaure
There is a stone staircase leading up here.
Menkaure is nearby!
Casting: Frozen Ramparts (safe; 6% risk of failure)
Confirm with . or Enter, or press ? or * to list all spells.
The walls around you are covered in ice.
Menkaure shouts!
This spell is very dangerous to cast!
Memorise Summon Ice Beast, consuming 4 spell levels and leaving 0?
You start memorising the spell.
You continue memorising. x2
Menkaure resists.
The wall freezes Menkaure.
You continue memorising.
Magic restored.
Menkaure resists.
The wall freezes Menkaure.
Menkaure hits you!!
Ouch! That really hurt!
* * * LOW HITPOINT WARNING * * *
Your memorisation is interrupted.
The frozen ramparts melt away.
Menkaure gestures at you while chanting.
Pain shoots through your body!
You die...

....####...... #
(......+......
#.#.....##......
.#.....###.....
M.....# ##....
#.....# ##... #
#<....# ##'#
#.######..###
#.#
#..@..M...#####
##..
######........#
#..©
#.##.###.###.[.
#.##.###.##....
#.##........#..
#.######.##....
#.######.####..
#........# #.#
########## #.#


You could see Menkaure.

Vanquished Creatures
  A howler monkey (D:4)
  An adder (D:2)
  A worm (D:4)
  A dart slug (D:1)
  A leopard gecko (D:4)
  A giant cockroach (D:2)
  A goblin (D:1)
  3 hobgoblins (D:1)
  3 jackals (D:1)
  A quokka (D:3)
  5 bats
  3 frilled lizards (D:1)
  6 kobolds
  A rat (D:1)
29 creatures vanquished.

Notes
Turn   | Place    | Note
-------+----------+-------------------------------------------
     0 | D:1      | Amnesiac the Merfolk Ice Elementalist began the quest for
                  | the Orb.
     0 | D:1      | Reached XP level 1. HP: 13/13 MP: 3/3
   108 | D:1      | Reached XP level 2. HP: 17/19 MP: 0/5
   389 | D:1      | Reached skill level 5 in Ice Magic
   590 | D:1      | Reached XP level 3. HP: 14/24 MP: 4/6
   599 | D:1      | Learned a level 3 spell: Frozen Ramparts
  1211 | D:4      | Found an ornate altar of the Wu Jian Council.
  1306 | D:4      | Reached XP level 4. HP: 30/30 MP: 3/8
  1321 | D:4      | Found a transporter.
  1321 | D:4      | Noticed a fire bat
  1321 | D:4      | Noticed a fire bat
  1343 | D:4      | Noticed Menkaure
  1359 | D:4      | Killed from afar by Menkaure

Levels and vault maps discovered:
D:1:      kilobyte_arrival_exit_the_forest, layout_loops_ring
D:2:      layout_basic
D:3:      layout_loops_ring, uniq_terence
D:4:      gammafunk_cloud_chamber, layout_loops_corners,
          lemuel_coloured_pillars_altar, first_ration, uniq_duvessa,
          uniq_blork_the_orc, uniq_menkaure, uniq_sigmund

Skill      XL: |  1  2 |
---------------+-------+-----
Ice Magic      | 5 |  5.6
Dodging        | |  2.6
Stealth        | |  2.1
Shields        | |  0.9
Spellcasting   | |  2.7

Action                   |  1- 3 |  4- 6 || total
-------------------------+-------+-------++-------
Melee: Unarmed           |    13 |       ||    13
 Fire: Hunting sling     |    18 |       ||    18
 Cast: Freeze            |    48 |       ||    48
       Frozen Ramparts   |     2 |     1 ||     3
  Eat: Chunk             |     2 |       ||     2
Armor: Robe              |    14 |       ||    14
Dodge: Dodged            |    40 |       ||    40

Table legend:
 A = Non-vault XP
 B = Vault XP
 C = Vault XP percentage of total XP
 D = Non-vault monster count
 E = Vault monster count
 F = Vault count percentage of total count
                 A         B        C        D         E       F
            +---------+---------+-------+---------+---------+-------
      Total |     115 |       0 |   0.0 |      29 |       0 |   0.0
            +---------+---------+-------+---------+---------+-------
        D:1 |      34 |       0 |   0.0 |      20 |       0 |   0.0
        D:2 |      20 |       0 |   0.0 |       5 |       0 |   0.0
        D:3 |       2 |       0 |   0.0 |       1 |       0 |   0.0
        D:4 |      59 |       0 |   0.0 |       3 |       0 |   0.0
            +---------+---------+-------+---------+---------+-------
